 Dungeon Crawl Stone Soup version 0.27-a0-1281-ge233d83751 (webtiles) character file.

Game seed: 16712833564207290945

28 Azzok the Chopper (level 3, 25/29 HPs)
             Began as a Demonspawn Berserker on June 13, 2021.
             Was a Follower of Trog.
             Quit the game on level 1 of the Dungeon.
             The game lasted 00:00:58 (816 turns).

Azzok the Chopper (Demonspawn Berserker)             Turns: 816, Time: 00:00:58

Health: 25/29      AC:  3    Str: 18    XL:     3   Next: 0%
Magic:  3/3        EV: 12    Int:  8    God:    Trog [*.....]
Gold:   65         SH:  0    Dex: 14    Spells: 2/2 levels left

rFire    . . .     SeeInvis .   a - +0 hand axe
rCold    . . .     Faith    .   (no shield)
rNeg     . . .     Spirit   .   b - +0 animal skin
rPois    .         Reflect  .   (no helmet)
rElec    .         Harm     .   (no cloak)
rCorr    .         Rampage  .   c - +0 pair of gloves
Will     .....                  (no boots)
Stlth    ++........             (no amulet)
HPRegen  0.09/turn              (no ring)
MPRegen  0.16/turn              (no ring)

@: no status effects
A: thin skeletal structure 1, magic regeneration
a: Renounce Religion, Berserk


You were on level 1 of the Dungeon.
You worshipped Trog.
Trog was aware of your devotion.
You visited 1 branch of the dungeon, and saw 1 of its levels.

You collected 65 gold pieces.

Inventory:

Hand Weapons
 a - a +0 hand axe (weapon)
Armour
 b - a +0 animal skin (worn)
 c - a +0 pair of gloves (worn)


   Skills:
 - Level 3.0 Fighting
 + Level 3.8 Axes
 - Level 1.7 Armour
 - Level 1.7 Dodging


You had 2 spell levels left.
You didn't know any spells.
Your spell library was empty.

Dungeon Overview and Level Annotations

Branches:
Dungeon (1/15)

Altars:


Innate Abilities, Weirdness & Mutations

You have a somewhat thin skeletal structure. (Dex +2, Stealth+)
You regenerate magic rapidly.


Message History

You closely miss the giant cockroach. The giant cockroach barely misses you.
The giant cockroach bites you.
You hit the giant cockroach but do no damage.
The giant cockroach barely misses you.
You closely miss the giant cockroach. The giant cockroach misses you.
You hit the giant cockroach.
The giant cockroach is severely wounded.
The giant cockroach barely misses you.
You closely miss the giant cockroach.
The giant cockroach is severely wounded.
The giant cockroach barely misses you. x2
You hit the giant cockroach.
You kill the giant cockroach!
Trog accepts your kill.
You see here a giant cockroach corpse.
A quokka comes into view.
A quokka is nearby!
Found a stone staircase leading down.
You barely miss the quokka. The quokka misses you.
The quokka bites you but does no damage.
You hit the quokka.
The quokka is severely wounded.
The quokka barely misses you.
You miss the quokka.
The quokka is severely wounded.
The quokka bites you but does no damage.
You hit the quokka but do no damage.
The quokka is severely wounded.
The quokka closely misses you. The quokka bites you.
You hit the quokka.
You kill the quokka!
Trog accepts your kill.
You have reached level 3!
Your experience leads to an increase in your attributes!
Increase (S)trength, (I)ntelligence, or (D)exterity?
You feel stronger.
Your demonic ancestry asserts itself...
Your magic begins to regenerate rapidly.
A kobold comes into view. It is wielding a +1 dagger of draining.
You see here a quokka corpse.
Are you sure you want to abandon this character and quit the game? (Confirm with "yes".)

···· ··· ▒>·▒▒
▒···· K··▒ ▒▒▒ ··▒
▒·· ▒·▒ ▒·▒ ▒·▒
▒@▒ ▒·▒ ▒·▒ ▒·▒
▒·▒· ▒·▒▒▒▒ ▒·▒
▒·▒· ▒·▒·· ▒·▒
▒▒▒▒▒·▒·
▒·▒·▒▒▒▒▒▒▒▒▒▒▒▒·▒
▒·'·'·▒·
▒·▒·▒·········▒▒·▒
▒·▒▒▒·▒·
▒·····▒▒▒▒▒▒▒·▒▒·▒
▒▒·▒ ▒·▒·
···▒··········▒▒·▒
▒··▒ ▒·▒·
······▒▒▒▒▒▒▒·▒▒·▒
▒·▒▒ ▒·▒▒


You could see a kobold (asleep).

Vanquished Creatures
  2 endoplasms (D:1)
  2 giant cockroaches (D:1)
  A goblin (D:1)
  A hobgoblin (D:1)
  5 jackals (D:1)
  A quokka (D:1)
  4 ball pythons (D:1)
  2 bats (D:1)
  4 frilled lizards (D:1)
  A kobold (D:1)
  3 rats (D:1)
26 creatures vanquished.

Notes
Turn   | Place    | Note
-------+----------+-------------------------------------------
     0 | D:1      | Azzok the Demonspawn Berserker began the quest for the Orb.
     0 | D:1      | Reached XP level 1. HP: 18/18 MP: 1/1
   343 | D:1      | Gained mutation: You have a somewhat thin skeletal
                  | structure. (Dex +2, Stealth+) [demonic ancestry]
   343 | D:1      | Reached XP level 2. HP: 24/24 MP: 2/2
   815 | D:1      | Gained mutation: You regenerate magic rapidly. [demonic
                  | ancestry]
   815 | D:1      | Reached XP level 3. HP: 25/29 MP: 3/3
   816 | D:1      | Quit the game

Illustrated notes

Levels and vault maps discovered:
D:1:      matt_arrival_los_fun, layout_loops_ring

Skill      XL: |  1 |
---------------+----+-----
Axes           | 3 |  3.8
Fighting       | |  3.0
Armour         | |  1.7
Dodging        | |  1.7

Action                   || total
-------------------------++-------
Melee: Hand axe          ||    66
 Stab: Sleeping          ||     3
Armor: Animal skin       ||    14
Dodge: Dodged            ||    44

Table legend: (Time is in decaauts)
 A = Elapsed time spent in this place.
 B = Non-inter-level travel time spent in this place.
 C = Inter-level travel time spent in this place.
 D = Time resting spent in this place.
 E = Time spent auto-exploring this place.
 F = Levels seen in this place.
 G = Mean time per level.
                   A        B        C        D        E       F      G
               +--------+--------+--------+--------+--------+-----+--------+
         Total |    824 |    792 |     32 |    165 |    450 |   1 |  824.0 |
       Dungeon |    824 |    792 |     32 |    165 |    450 |   1 |  824.0 |
               +--------+--------+--------+--------+--------+-----+--------+

Top non-repeatable levels by time:
     D:1: 824 daAuts
